 Seeded DCSS version 0.31-a0-128-g25add195a6 (webtiles) character file.

Game seed: 20230601 (custom seed)

72 muata the Chopper (level 4, 0/39 HPs)
             Began as a Minotaur Berserker on June 1, 2023.
             Was a Believer of Trog.
             Slain by an orc priest
             ... wielding a +0 war axe
              (5 damage)
             ... on level 3 of the Dungeon.
             The game lasted 00:04:08 (1655 turns).

muata the Chopper (Minotaur Berserker)              Turns: 1655, Time: 00:04:09

Health: 0/39       AC: 11    Str: 23    XL:     4   Next: 7%
Magic:  0/3        EV: 11    Int:  4    God:    Trog [**....]
Gold:   169        SH:  0    Dex: 10    Spells: 3/3 levels left

rFire   . . .        a - +0 hand axe
rCold   . . .        (no shield)
rNeg    . . .        f - +0 ring mail
rPois   .            (helmet restricted)
rElec   .            (no cloak)
rCorr   .            j - +2 pair of gloves
SInv    .            k - +2 pair of boots
Will    .....        h - amulet of guardian spirit Stlth
                     (no ring)
HPRegen 0.26/turn    (no ring)
MPRegen 0.08/turn

%: guardian spirit
@: lethally poisoned (0 -> -11), on berserk cooldown, slowed, very slow
A: horns 2, retaliatory headbutt
a: Renounce Religion, Berserk, Trog's Hand


You were on level 3 of the Dungeon.
You worshipped Trog.
Trog was pleased with you.
You visited 1 branch of the dungeon, and saw 3 of its levels.

You collected 169 gold pieces.

Inventory:

Hand Weapons
 a - a +0 hand axe (weapon)
Missiles
 i - 8 poisoned darts (quivered)
Armour
 f - a +0 ring mail (worn)
 j - a +2 pair of gloves (worn)
 k - a +2 pair of boots (worn)
Jewellery
 h - an amulet of guardian spirit (around neck)
Scrolls
 d - a scroll of amnesia {unknown}
 e - 2 scrolls of identify {unknown}
 l - a scroll of noise {unknown}
 m - a scroll of enchant weapon {unknown}
 o - a scroll of enchant armour {unknown}
Potions
 b - a potion of might {unknown}
 c - a potion of heal wounds {unknown}
 g - a potion of ambrosia {unknown}
 n - 2 potions of degeneration {unknown}


   Skills:
 - Level 3.6 Fighting
 + Level 6.0 Axes
 - Level 2.4 Armour
 - Level 2.1 Dodging


You had 3 spell levels left.
You didn't know any spells.
Your spell library was empty.

Dungeon Overview and Level Annotations

Branches:
Dungeon (3/15)

Altars:


Innate Abilities, Weirdness & Mutations

You have a pair of horns on your head.
You reflexively headbutt those who attack you in melee.


Message History

The orc hits you with a +0 hand axe.
You hear some strange, mumbled words.
A magic dart appears from out of thin air!
The magic dart hits you but does no damage.
You miss the orc priest. You barely miss the frilled lizard. You hit something.
You hit the orc.
You feel less confused.
You feel sick.
The frilled lizard bites you but does no damage.
The orc priest hits you but does no damage.
The frilled lizard bites you.
The orc priest invokes the aid of Beogh against you.
Beogh smites you! Something hits you but does no damage.
You are more poisoned.
You barely miss the orc. You headbutt the orc.
You kill the orc!
Trog accepts your kill.
You miss the frilled lizard. You closely miss something.
You closely miss the orc priest. You barely miss something.
You feel very sick. The frilled lizard closely misses you.
Something hits you but does no damage.
You are lethally poisoned!
Something hits you but does no damage. The orc priest closely misses you.
You barely miss something. You miss the frilled lizard. You hit something.
Trog accepts your kill.
Trog appreciates your killing of a magic user.
Reactivating autopickup.
You feel a bit more experienced.
You barely miss the orc priest.
* * * LOW HITPOINT WARNING * * *
You feel very sick.
The frilled lizard bites you but does no damage.
You hear some strange, mumbled words.
A puff of flame appears from out of thin air!
Deactivating autopickup; reactivate with Ctrl-A.
The puff of flame hits you but does no damage.
The orc priest closely misses you. The frilled lizard barely misses you.
Something hits you.
* * * LOW HITPOINT WARNING * * *
The orc priest hits you with a +0 war axe!
You die...

.#.###.....######..#..#
.#.[##.#..........###.#
.##.##..)...##..### #.#
###....####.....### #.#
##.....#####..#...###..
##.##.......>.###..###.
#..##.####....####..##.###
..##... ...#....lo........
####.......##.##@)).....[.
# #...... #.){........
#..... #........... #..
#........... #...........
............ #.#..........
.........#.


You could see an orc priest and a frilled lizard.

Vanquished Creatures
  An orc wizard (D:3)
  An adder (D:3)
  2 worms (D:2)
  3 dart slugs
  2 orcs (D:3)
  2 ball pythons (D:2)
  3 endoplasms
  A giant cockroach (D:1)
  5 goblins
  7 hobgoblins
  2 jackals (D:2)
  3 quokkas
  2 bats
  4 frilled lizards
  5 kobolds
  6 rats
49 creatures vanquished.

Notes
Turn   | Place    | Note
-------+----------+-------------------------------------------
     0 | D:1      | muata the Minotaur Berserker began the quest for the Orb.
     0 | D:1      | Reached XP level 1. HP: 19/19 MP: 0/0
   104 | D:1      | Reached skill level 4 in Axes
   179 | D:1      | Reached XP level 2. HP: 26/26 MP: 1/1
   700 | D:1      | Found a faded altar of an unknown god.
   776 | D:2      | Reached skill level 5 in Axes
   783 | D:2      | Reached XP level 3. HP: 31/31 MP: 2/2
  1520 | D:3      | Reached ** piety under Trog
  1545 | D:3      | Reached XP level 4. HP: 39/39 MP: 3/3
  1613 | D:3      | Reached skill level 6 in Axes
  1655 | D:3      | Slain by an orc priest

Illustrated notes

Levels and vault maps discovered:
D:1:      ncdulo_wetmaze, layout_basic,
          shapermc_ecumenical_altar_mp_urbaneastern
D:2:      layout_loops_ring, grunt_ministairs_3
D:3:      layout_rooms

Skill      XL: |  1  2  3  4 |
---------------+-------------+-----
Axes           | 4 5 6 |  6.0
Fighting       | |  3.6
Armour         | |  2.4
Dodging        | |  2.1

Action                     |  1- 3 |  4- 6 || total
---------------------------+-------+-------++-------
  Melee: Hand axe          |    69 |     6 ||    75
         Headbutt          |     8 |     1 ||     9
 Invoke: Berserk           |     2 |     1 ||     3
 Armour: Ring mail         |    25 |    10 ||    35
         Animal skin       |     3 |       ||     3
  Dodge: Dodged            |    49 |     6 ||    55

Table legend: (Time is in decaauts)
 A = Elapsed time spent in this place.
 B = Non-inter-level travel time spent in this place.
 C = Inter-level travel time spent in this place.
 D = Time resting spent in this place.
 E = Time spent auto-exploring this place.
 F = Levels seen in this place.
 G = Mean time per level.
                   A        B        C        D        E       F      G
               +--------+--------+--------+--------+--------+-----+--------+
         Total |   1678 |   1657 |     21 |      0 |   1194 |   3 |  559.3 |
       Dungeon |   1678 |   1657 |     21 |      0 |   1194 |   3 |  559.3 |
               +--------+--------+--------+--------+--------+-----+--------+

Top non-repeatable levels by time:
     D:1: 736 daAuts
     D:2: 634 daAuts
     D:3: 307 daAuts
